 Dungeon Crawl Stone Soup version 0.31-a0-931-g7b59d4eb97 (webtiles) character file.

Game seed: 5958475130046600167

2210393 Ge0ff the Octopoid Ballista (level 27, 197/197 HPs)
             Began as an Octopode Artificer on Oct 19, 2023.
             Was the Champion of Vehumet.
             Escaped with the Orb
             ... and 4 runes on Oct 20, 2023!
             The game lasted 03:24:02 (85922 turns).

Ge0ff the Octopoid Ballista (Octopode Artificer)   Turns: 85922, Time: 03:24:03

Health: 197/197    AC: 10    Str: 15    XL:     27
Magic:  65/65      EV: 29    Int: 36    God:    Vehumet [******]
Gold:   695        SH: 17    Dex: 26    Spells: 8/67 levels left

rFire   + + +        a - +3 Elemental Staff {ele, rElec rF+ rC+ AC+3}
rCold   + . .        I - +0 kite shield "Vyashoch" {Regen+ Str+2}
rNeg    + + .        Q - +2 hat {Stlth+}
rPois   +            b - amulet "Yzur" {RegenMP rElec rF+ Will+++}
rElec   +            D - +6 ring of intelligence
rCorr   +            Y - ring of Xom's Flight of Fancy {rPois rF+ rN+ Str-2 SInv}
SInv    +            l - ring "Kuho" {rElec rPois rCorr Str+4 Stlth-}
Will    +++++        Z - ring of Ickih {rF++ AC+4 Int+4}
Stlth   +++          n - ring "Risa" {rC+ rN+ Dex+6}
HPRegen 1.32/turn    z - ring of magical power
MPRegen 0.79/turn    i - ring "Boaczeg" {Fire MP+9}
                     O - ring "Qimeqi" {Drain rPois EV+5 Int+4}

%: no passive effects
@: studying 8 skills
A: almost no armour, amphibious, 8 rings, camouflage 1, gelatinous body 1,
(nimble swimmer 1), tentacles, agile 1, sense surroundings 1, wild magic 1
0: Orb of Zot
}: 4/15 runes: decaying, serpentine, slimy, abyssal
a: Renounce Religion


You escaped.
You worshipped Vehumet.
Vehumet was exalted by your worship.
You visited 11 branches of the dungeon, and saw 53 of its levels.
You visited the Abyss 1 time.
You visited 2 bazaars.
You completed 1 ziggurat, and saw 27 of its levels.
You also visited: Trove, Bailey and Ice Cave.

You collected 9224 gold pieces.
You spent 8529 gold pieces at shops.

Inventory:

Hand Weapons
 a - the +3 Elemental Staff (weapon) {ele, rElec rF+ rC+ AC+3}
   (You found it on level 6 of a ziggurat)

   AC+3:      It affects your AC (+3).
   rF+:       It protects you from fire.
   rC+:       It protects you from cold.
   rElec:     It insulates you from electricity.
 f - the +11 Singing Sword {sonic wave}
   (You found it on level 26 of a ziggurat)
 h - the +10 flail of Quick Death {freeze, *Slow +Blink Fly}
   (You took it off an orc warlord on level 1 of the Vaults)

   Fly:       It grants you flight.
   +Blink:    It lets you blink.
   *Slow:     It may slow you when you take damage.
 w - the +7 hand cannon "Mule" {flame, backblast, rF+}
   (You found it on level 18 of a ziggurat)

   rF+:       It protects you from fire.
Missiles
 g - 6 throwing nets {=F}
 r - 20 silver javelins
 v - 28 curare-tipped darts {=F}
 A - 5 darts of dispersal
 M - 6 javelins
Armour
 I - the +0 kite shield "Vyashoch" (worn) {Regen+ Str+2}
   (You found it on level 4 of the Vaults)

   Str+2:     It affects your strength (+2).
   Regen+:    It increases your rate of health regeneration.
 Q - a +2 hat of stealth (worn)
Jewellery
 b - the amulet "Yzur" (around mantle) {RegenMP rElec rF+ Will+++}
   (You bought it in a shop on level 1 of the Elven Halls)

   [amulet of magic regeneration]

   RegenMP:   It increases your rate of magic regeneration.
   rF+:       It protects you from fire.
   rElec:     It insulates you from electricity.
   Will+++:   It greatly increases your willpower.
 c - a ring of wizardry
 i - the ring "Boaczeg" (on tentacle) {Fire MP+9}
   (You bought it in a shop on level 2 of the Orcish Mines)

   [ring of fire]

   Fire:      It enhances your fire magic.
   rF+:       It protects you from fire.
   rC-:       It makes you vulnerable to cold.
   MP+9:      It affects your magic capacity (+9).
 l - the ring "Kuho" (on tentacle) {rElec rPois rCorr Str+4 Stlth-}
   (You found it in a treasure trove)

   [ring of poison resistance]

   Str+4:     It affects your strength (+4).
   rElec:     It insulates you from electricity.
   rPois:     It protects you from poison rCorr: It protects you from acid and
   corrosion.
   Stlth-:    It makes you less stealthy.
 n - the ring "Risa" (on tentacle) {rC+ rN+ Dex+6}
   (You found it on level 2 of the Vaults)

   [ring of dexterity]

   Dex+6:     It affects your dexterity (+6).
   rC+:       It protects you from cold.
   rN+:       It protects you from negative energy.
 z - a ring of magical power (on tentacle)
 D - a +6 ring of intelligence (left tentacle)
 O - the ring "Qimeqi" (on tentacle) {Drain rPois EV+5 Int+4}
   (You found it in a treasure trove)

   [ring of evasion]

   EV+5:      It affects your evasion (+5).
   Int+4:     It affects your intelligence (+4).
   rPois:     It protects you from poison Drain: It drains your maximum health
   when unequipped.
 Y - the ring of Xom's Flight of Fancy (right tentacle) {rPois rF+ rN+ Str-2 SInv}
   (You found it in a treasure trove)

   [ring of see invisible]

   Str-2:     It affects your strength (-2).
   rF+:       It protects you from fire.
   rPois:     It protects you from poison rN+: It protects you from negative
   energy.
   SInv:      It lets you see invisible.
 Z - the ring of Ickih (on tentacle) {rF++ AC+4 Int+4}
   (You found it on level 5 of the Pits of Slime)

   [ring of protection]

   AC+4:      It affects your AC (+4).
   Int+4:     It affects your intelligence (+4).
   rF++:      It greatly protects you from fire.
Wands
 d - a wand of digging (84)
 e - a wand of charming (7)
 j - a wand of acid (37)
 k - a wand of iceblast (43)
 p - a wand of paralysis (121)
 s - a wand of mindburst (102)
 P - a wand of polymorph (5)
Scrolls
 m - 19 scrolls of revelation
 y - 11 scrolls of immolation
 B - 18 scrolls of blinking
 C - 7 scrolls of poison
 E - 10 scrolls of fear
 F - 25 scrolls of fog
 G - 7 scrolls of amnesia
 J - 6 scrolls of silence {!r}
 S - 7 scrolls of butterflies
 T - 38 scrolls of teleportation
 V - 14 scrolls of vulnerability
Potions
 o - 5 potions of ambrosia
 q - 24 potions of curing
 u - 18 potions of mutation {!q}
 H - 5 potions of haste {!q}
 K - 5 potions of magic {!q}
 L - 4 potions of lignification
 N - 4 potions of cancellation {!q}
 R - 3 potions of resistance
 W - 17 potions of heal wounds {!q}
 X - 6 potions of enlightenment
Miscellaneous
 t - a tin of tremorstones (2/2)
 x - a +1 figurine of a ziggurat {!v}
 U - a phantom mirror


   Skills:
 + Level 18.5 Fighting
 - Level 3.0 Short Blades
 O Level 27 Throwing
 + Level 12.4 Dodging
 - Level 15.0 Stealth
 + Level 18.5 Shields
 - Level 20.5 Spellcasting
 - Level 23.0 Conjurations
 - Level 7.0 Hexes
 - Level 10.0 Necromancy
 - Level 7.0 Translocations
 - Level 10.0 Transmutations
 - Level 23.0 Fire Magic
 - Level 10.0 Air Magic
 - Level 7.0 Earth Magic
 - Level 10.0 Poison Magic
 + Level 12.5 Evocations


You had 8 spell levels left.
You knew the following spells:

 Your Spells              Type           Power      Damage    Failure   Level
a - Sublimation of Blood  Necr           96%        N/A       1%          2
d - Iskenderun's Mystic   Conj/Tloc      100%       2d19      1%          4
g - Apportation           Tloc           100%       N/A       1%          1
i - Ignition              Fire           92%        3d23      1%          8
j - Orb of Destruction    Conj           66%        9d16      1%          7
m - Plasma Beam           Fire/Air       96%        2x1d116   1%          6
n - Dispel Undead         Necr           96%        3d30      1%          4
p - Passage of Golubria   Tloc           85%        N/A       1%          4
s - Fire Storm            Conj/Fire      92%        8d23      4%          9
w - Passwall              Tmut/Erth      94%        N/A       1%          2
y - Yara's Violent Unrav  Hex/Tmut       45%        3d18      1%          5
B - Blink                 Tloc           100%       N/A       1%          2
E - Irradiate             Conj/Tmut      58%        3d31      1%          5

Your spell library contained the following spells:

 Spells                   Type           Power      Damage    Failure   Level
 Freeze                   Ice            100%       1d10      1%          1
 Kiss of Death            Conj/Necr      100%       2d13      1%          1
 Magic Dart               Conj           100%       1d8       1%          1
 Necrotise                Necr           100%       1d9       1%          1
 Sandblast                Erth           100%       2d20      1%          1
 Shock                    Conj/Air       100%       1d9       1%          1
 Slow                     Hex            100%       N/A       1%          1
 Sting                    Tmut/Pois      100%       1d8       1%          1
 Cigotuvi's Dreadful Rot  Necr/Pois/Air  100%       N/A       1%          2
 Ensorcelled Hibernation  Hex/Ice        100%       N/A       1%          2
 Jinxbite                 Hex            100%       N/A       1%          2
 Lesser Beckoning         Tloc           100%       N/A       1%          2
 Momentum Strike          Conj/Tloc      100%       3d10      1%          2
 Poisonous Vapours        Pois/Air       100%       N/A       1%          2
 Scorch                   Fire           100%       2d9       1%          2
 Searing Ray              Conj           100%       2d8       1%          2
 Static Discharge         Conj/Air       100%       2-7/arc   1%          2
 Wereblood                Tmut           96%        N/A       1%          2
 Confusing Touch          Hex            85%        N/A       1%          3
 Dazzling Flash           Conj/Hex       100%       N/A       1%          3
 Frozen Ramparts          Ice            100%       1d16      1%          3
 Gell's Gravitas          Tloc           85%        N/A       1%          3
 Hailstorm                Conj/Ice       100%       3d20      1%          3
 Ignite Poison            Fire/Tmut/Pois 100%       N/A       1%          3
 Inner Flame              Hex/Fire       100%       N/A       1%          3
 Mephitic Cloud           Conj/Pois/Air  100%       N/A       1%          3
 Sigil of Binding         Hex            85%        N/A       1%          3
 Stone Arrow              Conj/Erth      100%       3d13      1%          3
 Summon Guardian Golem    Hex/Summ       69%        N/A       1%          3
 Swiftness                Air            100%       N/A       1%          3
 Teleport Other           Tloc           85%        N/A       1%          3
 Vampiric Draining        Necr           96%        2d12      1%          3
 Volatile Blastmotes      Fire/Tloc      100%       2d18      1%          3
 Airstrike                Air            59%        2d(9-25)  1%          4
 Anguish                  Hex/Necr       45%        N/A       1%          4
 Animate Dead             Necr           96%        N/A       1%          4
 Brom's Barrelling Bould  Conj/Erth      100%       2d11      1%          4
 Cause Fear               Hex            42%        N/A       1%          4
 Dimensional Bullseye     Hex/Tloc       42%        N/A       1%          4
 Flame Wave               Conj/Fire      100%       2d21      1%          4
 Fulminant Prism          Conj/Hex       56%        3d24      1%          4
 Leda's Liquefaction      Hex/Erth       53%        N/A       1%          4
 Manifold Assault         Tloc           85%        N/A       1%          4
 Olgreb's Toxic Radiance  Pois           96%        N/A       1%          4
 Petrify                  Tmut/Erth      100%       N/A       1%          4
 Sticky Flame             Conj/Fire      100%       2d11      1%          4
 Vhi's Electric Charge    Tloc/Air       100%       N/A       1%          4
 Agony                    Necr           96%        N/A       1%          5
 Alistair's Intoxication  Tmut/Pois      64%        N/A       1%          5
 Arcjolt                  Conj/Air       70%        1d80      1%          5
 Fireball                 Conj/Fire      92%        3d34      1%          5
 Freezing Cloud           Conj/Ice/Air   74%        6-21      1%          5
 Iskenderun's Battlesphe  Conj           100%       2d15      1%          5
 Lee's Rapid Deconstruct  Erth           53%        3d25*     1%          5
 Bombard                  Conj/Erth      68%        9d11      1%          6
 Conjure Ball Lightning   Conj/Air       70%        3x3d26    1%          6
 Eringya's Noxious Bog    Tmut/Pois      48%        4d6       1%          6
 Starburst                Conj/Fire      92%        6d23      1%          6
 Borgnjor's Vile Clutch   Necr/Erth      56%        N/A       2%          5
 Silence                  Hex/Air        56%        N/A       2%          5
 Call Imp                 Summ           94%        N/A       3%          2
 Summon Lightning Spire   Summ/Air       97%        N/A       3%          4
 Spellforged Servitor     Conj/Summ      50%        N/A       3%          7
 Death Channel            Necr           48%        N/A       5%          6
 Call Canine Familiar     Summ           47%        N/A       6%          3
 Ozocubu's Armour         Ice            64%        N/A       6%          3
 Lehudib's Crystal Spear  Conj/Erth      68%        10d15     6%          8
 Metabolic Englaciation   Hex/Ice        44%        N/A       12%         5
 Summon Forest            Summ/Tloc      34%        N/A       12%         5
 Summon Mana Viper        Hex/Summ       69%        N/A       12%         5
 Summon Ice Beast         Ice/Summ       64%        N/A       17%         4
 Simulacrum               Ice/Necr       48%        N/A       30%         6
 Maxwell's Capacitive Co  Air            59%        ∞         36%         8
 Enfeeble                 Hex            42%        N/A       58%         7
 Haunt                    Necr/Summ      38%        N/A       83%         7
 Infestation              Necr           48%        N/A       83%         8
 Summon Cactus Giant      Summ           23%        N/A       91%         6
 Ozocubu's Refrigeration  Ice            32%        4d14      93%         7
 Discord                  Hex            42%        N/A       99%         8
 Disjunction              Tloc           42%        N/A       99%         8
 Monstrous Menagerie      Summ           23%        N/A       100%        7
 Summon Hydra             Summ           23%        N/A       100%        7
 Chain Lightning          Conj/Air       70%        3d94      38%         9
 Death's Door             Necr           48%        N/A       100%        9
 Polar Vortex             Ice            32%        12d4*     100%        9
 Shatter                  Erth           53%        3d40*     100%        9
 Animate Armour           Summ/Erth      Unusable   N/A       N/A         4

Dungeon Overview and Level Annotations

Branches:
Dungeon (15/15)            Temple (1/1) D:7            Lair (5/5) D:8
  Swamp (4/4) Lair:3        Snake (4/4) Lair:2        Slime (5/5) Lair:4
    Orc (2/2) D:9             Elf (3/3) Orc:2        Vaults (5/5) D:13
  Crypt (0/3) Vaults:2     Depths (4/4) D:15            Zot (5/5) Depths:4
 Bailey (visited)           IceCv (visited)

Altars:
Ashenzari
Cheibriados
Dithmenos
Elyvilon
Fedhas
Gozag
Hepliaklqana
Kikubaaqudgha
Makhleb
Nemelex Xobeh
Okawaru
Qazlal
Ru
Sif Muna
Trog
Uskayaw
Vehumet
Wu Jian
Xom
Yredelemnul
Zin
The Shining One
Jiyva

Shops:
D:7 (   D:8 !*?*   D:10 :   D:15 ?*(   Orc:1 *   Orc:2 ([=?   Elf:1 =
Elf:2 ***   Vaults:2 [   Vaults:3 =   Depths:1 *:   Depths:2 !

Portals:
Hell: Depths:1 Depths:2 Depths:3 Depths:4
Abyss: Depths:1 Depths:3
Pandemonium: Depths:2 Depths:3


Innate Abilities, Weirdness & Mutations

You cannot wear most types of armour.
You are amphibious.
You can wear up to eight rings at the same time.
Your skin changes colour to match your surroundings (Stealth+).
Your rubbery body absorbs attacks. (AC +1, EV +1)
((You are camouflaged when in or above water. (Stealth+)))
You have tentacles for arms and can constrict up to eight enemies at once.
You are agile. (Dex +4, Str/Int -1)
You passively map a small area around you.
Your spells are a little harder to cast, but a little more powerful.


Message History

Confirm with . or Enter, or press ? or * to list all spells.
Aiming: Fire Storm (dangerous; 4% risk of failure)
Press: ? - help, Dir - move target You feel a strong surge of power!
A raging storm of fire appears!
The great blast of fire engulfs the plant!!!!
You destroy the plant!
The plant is engulfed in a cloud of scalding steam.
The plant begins to die.
Casting: Fire Storm (dangerous; 4% risk of failure)
Confirm with . or Enter, or press ? or * to list all spells.
Aiming: Fire Storm (dangerous; 4% risk of failure)
Press: ? - help, Dir - move target, f - Hell Sentinel
Aim: a Hell Sentinel (steam, heavily wounded)
You feel a strong surge of power!
A raging storm of fire appears!
The great blast of fire engulfs the Hell Sentinel!!!
The Hell Sentinel partially resists.
The Hell Sentinel is almost dead.
The great blast of fire engulfs the plant!!!!
The plant is heavily damaged.
The plant is engulfed in blazing flames.
The plant is engulfed in a cloud of scalding steam.
The plant begins to die.
Your fire vortex hits the Hell Sentinel.
Your fire vortex dissipates!
The Hell Sentinel hits your fire vortex!
The Hell Sentinel hits your fire vortex!!
Casting: Fire Storm (dangerous; 4% risk of failure)
Confirm with . or Enter, or press ? or * to list all spells.
Aiming: Fire Storm (dangerous; 4% risk of failure)
Press: ? - help, Dir - move target, f/p - Hell Sentinel
Aim: a Hell Sentinel (steam, almost dead, ally target)
You feel a strong surge of power!
A raging storm of fire appears!
The great blast of fire engulfs the Hell Sentinel!!
The Hell Sentinel partially resists.
You kill the Hell Sentinel!
Vehumet accepts your kill.
You feel your power returning.
The plant is engulfed in blazing flames.
The plant is engulfed in blazing flames.
A nearby plant withers and dies.
A hellion comes into view.
You feel a huge surge of power!
The bolt of lightning hits the hellion!!!
You kill the hellion!
Vehumet accepts your kill.
You feel your power returning.
You start resting.
Magic restored.
There is a staircase leading out of the dungeon here.
You have escaped!

~§≈.§.v#.# ~~~vv.)..#
~~§§~.##.######
P§§§§....#....#########
.~....##.#..[.........#
.P..v###....#########.#
#.#....#..............##
..####.#.##............## ###
#.#.##.....@.......###
#####.#.##...........#...####
#.....#.##...........###....####
##.#####.##.#########.#
####..... ...###
#.##...........# #.#### .....#
#.##########...######.#...
.≈≈≈.# #.# ###..........##
.≈.≈.# #.# ####### #.########.#
.≈≈≈.###.# #.....# #.# #.#


There were no monsters in sight!

Vanquished Creatures
  the Royal Jelly (Slime:5)
  13 dread liches
  13 ancient liches
  6 orbs of fire (Zot:5)
  Mennas (Vaults:2)
  13 royal mummies
  Vv (Depths:4)
  Bai Suzhen (Depths:1)
  7 Killer Klowns
  Margery (Depths:1)
  10 pandemonium lords
  9 caustic shrikes
  31 golden dragons
  Nikola (Snake:3)
  6 pearl dragons (Zig:21)
  2 bone dragons (Zig:27)
  A profane servitor (Zig:27)
  3 electric golems
  2 Tzitzimimeh
  4 hellephants
  Zenata (Vaults:4)
  A Brimstone Fiend (Depths:3)
  A walking crystal tome (Depths:3)
  9 Hell Sentinels
  12 tentacled monstrosities
  Jorgrun (Swamp:2)
  3 Ice Fiends
  7 titans
  27 Orb Guardians
  The ghost of Plog the Tortoise, an adept AtMo of Okawaru (Vaults:1)
  9 liches
  3 deep elf blademasters
  2 death cobs
  A quicksilver dragon (Depths:3)
  4 deep elf master archers
  10 sphinxes
  26 acid blobs
  14 tentacled starspawn
  Gastronok (Lair:2)
  3 Executioners
  2 ancient champions (Zig:19)
  4 storm dragons
  8 shadow dragons
  Aizul (Depths:2)
  5 thorn hunters
  9 tengu reavers
  12 rockslimes
  9 nagarajas
  A shadow dragon (shapeshifter) (Zig:18)
  7 daevas (Zig:21)
  9 azure jellies
  2 fenstrider witches (shapeshifter) (Zig:18)
  A demonspawn warmonger (Zig:12)
  A nargun (Zig:4)
  9 fire giants
  A draconian knight (Zot:5)
  17 frost giants
  2 iron dragons
  13 vault wardens
  6 fenstrider witches
  5 quicksilver elementals (Zig:19)
  A draconian monk (Zig:27)
  2 deep elf elementalists (Elf:3)
  Louise (Depths:1)
  A ghost moth (Zig:25)
  5 balrugs
  2 draconian scorchers (Zig:17)
  7 deep elf sorcerers
  A ghost moth (shapeshifter) (Zig:18)
  A demonspawn corrupter (Zig:12)
  2 cacodemons
  2 draconian stormcallers
  8 angels
  3 draconian shifters (Abyss:4)
  2 reapers
  7 war gargoyles
  6 orc warlords
  4 formless jellyfish
  11 ophanim
  14 stone giants
  A demonspawn blood saint (Zig:17)
  6 apis (Zig:21)
  20 ironbound preservers
  A ghoul (Zig:22)
  15 quicksilver oozes
  29 very ugly things
  11 ironbound thunderhulks
  3 juggernaut skeletons
  3 vampire knights
  4 yellow draconians (Depths:4)
  A black draconian (Depths:4)
  6 eleionomae
  2 red draconians
  6 deep elf demonologists
  A white draconian (Depths:4)
  3 demonspawn black suns
  A dire elephant (shapeshifter) (Zig:18)
  27 dire elephants
  11 bunyips
  2 lorocyprocas
  A wendigo (Zig:4)
  17 deep elf annihilators
  2 purple draconians
  16 spark wasps
  8 bennus
  22 green deaths
  An ettin (shapeshifter) (Depths:3)
  15 ettins
  A spark wasp (shapeshifter) (Zig:23)
  6 blizzard demons
  A merfolk impaler (Depths:2)
  A crystal guardian (Vaults:4)
  14 mummy priests
  4 deep elf death magi
  A merfolk javelineer (Depths:2)
  10 fire dragons
  A quicksilver dragon zombie (Zig:24)
  5 deep elf high priests
  An entropy weaver (Vaults:4)
  7 iron golems (Zig:19)
  6 shambling mangroves
  A rakshasa (Abyss:4)
  15 yaktaur captains
  A hell beast (Depths:2)
  7 ironbound frosthearts
  2 spriggan zombies (Zig:24)
  11 great orbs of eyes
  An ice dragon (shapeshifter) (Zig:18)
  8 salamander tyrants
  The ghost of Mieqobio the Earth Mage, a journeyman GrEE of Vehumet (Lair:1)
  36 hydras
  A catoblepas (shapeshifter) (Zig:8)
  2 ogre magi (Zig:23)
  37 vault guards
  A spriggan skeleton (Zig:24)
  A peacekeeper (Vaults:4)
  6 catoblepae
  8 spriggan air magi
  15 ice dragons
  2 ghost crabs
  11 anacondas
  An anaconda (shapeshifter) (Zig:26)
  17 centaur warriors
  A radroach (shapeshifter) (Zig:14)
  32 dancing weapons
  A two-headed ogre (shapeshifter) (Zig:26)
  13 alligators
  5 two-headed ogres
  7 boulder beetles
  5 death yaks (Lair:5)
  2 hell hogs
  4 tengu warriors
  4 deep troll earth magi
  6 spriggan berserkers
  8 deep troll shamans
  15 naga warriors
  A titan zombie (Zig:16)
  A storm dragon zombie (Zig:16)
  4 thrashing horrors
  2 vampire magi
  10 death scarabs
  2 shock serpents (shapeshifter)
  14 hell knights
  21 deep elf knights
  3 soul eaters
  10 shock serpents
  14 naga sharpshooters
  8 iron trolls
  7 goliath frogs
  An iron troll (shapeshifter) (Zig:18)
  A crystal echidna (Zig:19)
  3 sun demons
  2 shadow wraiths (Vaults:2)
  3 skysharks
  5 arcanists
  A storm dragon skeleton (Zig:9)
  A deep troll (shapeshifter) (Zig:26)
  9 salamander mystics
  3 spatial maelstroms
  6 cherubim (Zig:21)
  11 wretched stars
  8 spriggan druids
  3 skeletal warriors (D:12)
  2 death drakes (shapeshifter)
  4 golden dragon zombies
  2 shadow demons
  55 deep trolls
  A bog body (Swamp:1)
  20 death drakes
  31 swamp dragons
  A swamp dragon (shapeshifter) (Zig:8)
  6 glowing orange brains
  Lodul (D:13)
  11 deep elf archers
  3 flayed ghosts
  13 orc knights
  8 naga ritualists
  16 lindwurms
  3 occultists
  3 orange crystal statues
  15 ironbound convokers
  30 deep elf zephyrmancers
  4 phantasmal warriors
  A lindwurm (shapeshifter) (Zig:26)
  A harpy (shapeshifter) (Depths:2)
  12 necromancers
  6 orc sorcerers
  5 obsidian statues
  A wolf spider (Zig:3)
  An iron dragon zombie (Zig:24)
  12 mana vipers
  A frost giant zombie (Zig:6)
  48 deep elf pyromancers
  A fire giant zombie (Zig:9)
  2 cyclopes (shapeshifter)
  28 ugly things
  A shadow dragon skeleton (Zig:24)
  9 cyclopes
  An iron dragon skeleton (Zig:24)
  20 salamanders
  6 shining eyes
  9 moths of wrath
  7 will-o-the-wisps
  2 worldbinders (Zig:27)
  5 manticores
  6 ice statues
  6 guardian serpents
  Maurice (D:9)
  46 black mambas
  11 elephants
  4 apocalypse crabs
  A guardian serpent (shapeshifter) (Zig:26)
  9 vault sentinels
  15 naga magi
  2 molten gargoyles (Lair:5)
  An eye of devastation (shapeshifter) (Zig:23)
  20 cane toads
  3 eyes of devastation
  8 smoke demons
  A gargoyle (D:14)
  2 torpor snails
  10 hellions
  2 freezing wraiths
  3 kobold demonologists
  A yaktaur (shapeshifter) (Zig:23)
  A rime drake (shapeshifter) (D:4)
  4 tengu conjurers
  An efreet (D:13)
  An unseen horror (D:12)
  6 rime drakes
  An anaconda simulacrum (IceCv)
  23 komodo dragons
  5 ice devils (IceCv)
  36 yaktaurs
  28 guardian mummies
  16 ancient zymes
  4 trolls
  6 bloated husks
  A meliai (shapeshifter) (Zig:26)
  17 tyrant leeches
  29 hornets
  A queen bee (Zig:17)
  9 polar bears
  Prince Ribbit (Bailey)
  12 large abominations
  A wind drake (shapeshifter) (D:15)
  A hornet (shapeshifter) (Zig:23)
  A snapping turtle (shapeshifter) (Depths:4)
  7 raiju
  120 slime creatures
  20 blink frogs
  10 dream sheep
  A jumping spider (shapeshifter) (Zig:23)
  12 flying skulls
  A centaur simulacrum (D:15)
  A slime creature (shapeshifter) (Depths:3)
  16 spriggans
  3 air elementals
  14 water elementals
  3 shadows
  2 wraiths (D:10)
  13 ushabtiu
  4 vampires
  55 yaks
  4 ynoxinuls
  9 basilisks
  2 fire elementals
  5 humans (Bailey)
  47 starcursed masses
  8 wyverns
  A golden eye (shapeshifter) (D:15)
  14 golden eyes
  A chaos spawn (Zig:8)
  A steam dragon (Lair:5)
  3 death yak simulacra (IceCv)
  10 neqoxecs
  13 vampire mosquitoes
  2 redbacks (Vaults:4)
  12 swamp worms
  57 nagas
  4 acid dragons
  A swamp worm (shapeshifter) (Zig:23)
  4 spatial vortices (Abyss:4)
  2 wargs
  5 hell hounds (Lair:5)
  24 water moccasins
  A hydra simulacrum (IceCv)
  3 floating eyes
  33 orc warriors
  A glowing shapeshifter skeleton (Zig:24)
  10 swamp drakes
  An ogre (shapeshifter) (Zig:14)
  9 black bears
  4 ice beasts
  11 ogres
  The ghost of protoss039 the Digger, an amateur DsEE (D:3)
  2 phantoms
  9 wolves
  20 centaurs
  7 kobold brigands
  Blork the orc (D:5)
  19 bullfrogs
  A bullfrog (shapeshifter) (Depths:2)
  2 two-headed ogre simulacra (IceCv)
  4 scorpions
  3 earth elementals
  11 killer bees
  2 elephant simulacra (IceCv)
  4 howler monkeys
  An electric eel (Lair:1)
  7 small abominations
  A crimson imp (Depths:3)
  5 lava snakes (Lair:5)
  A quasit (Depths:1)
  A hound (D:4)
  An iron imp (Abyss:1)
  A jelly (D:8)
  18 orc priests
  A gnoll bouda (D:8)
  A sleepcap (Abyss:1)
  A hell rat (Zig:10)
  3 iguanas
  21 orc wizards
  A troll simulacrum (IceCv)
  3 polar bear simulacra
  7 wolf simulacra
  38 mummies
  17 gnolls
  2 naga simulacra (IceCv)
  5 adders
  6 white imps (IceCv)
  5 ufetubi
  A worm (D:3)
  The ghost of Azuregosa the Sneak, a weakling OpDe (D:5)
  7 dart slugs
  62 orcs
  8 ball pythons
  4 endoplasms
  2 giant cockroaches (D:1)
  8 goblins
  11 hobgoblins
  A quokka (D:1)
  10 bats
  6 frilled lizards
  29 kobolds
  9 rats
  3 river rat simulacra (Lair:5)
  3 ball lightnings (Zig:18)
  A fire vortex (Zig:24)
  3 starspawn tentacles (Zig:27)
2952 creatures vanquished.

Vanquished Creatures (collateral kills)
  A royal mummy (Zig:24)
  A Killer Klown (Zig:18)
  A titan (Zig:23)
  3 acid blobs (Slime:5)
  3 sphinxes
  A demonspawn warmonger (Zig:12)
  A rockslime (Slime:2)
  A fire giant (Zig:23)
  A vault warden (Zig:26)
  A stone giant (Depths:2)
  A formless jellyfish (shapeshifter) (Zig:18)
  2 very ugly things (Depths:1)
  An ophan (Zig:21)
  An apis (Zig:21)
  A green draconian (Depths:4)
  2 dire elephants
  A bunyip (Zig:22)
  A great orb of eyes (Vaults:4)
  A hydra (Zig:20)
  A deep troll earth mage (Depths:2)
  A death drake (Zig:22)
  A wretched star (Zig:27)
  An obsidian statue (Zig:9)
  A golden dragon skeleton (Zig:24)
  An iron dragon skeleton (Zig:24)
  An apocalypse crab (Zig:18)
  A naga mage (Zig:17)
  A guardian mummy (Zig:24)
  A hornet (Zig:20)
  4 slime creatures
  A culicivora (shapeshifter) (Vaults:5)
  An ushabti (Zig:24)
  A water elemental (Depths:2)
  2 golden eyes
  4 starcursed masses (Zig:27)
  23 mummies
  4 orcs (D:3)
  A starspawn tentacle (Zig:27)
76 creatures vanquished.

Vanquished Creatures (others)
  2 Killer Klowns (Zig:18)
  An ironbound preserver (Zig:26)
  A shambling mangrove (Zig:22)
  A deep elf knight (Elf:1)
  A goliath frog (Zig:20)
  A swamp dragon (Swamp:4)
  An ugly thing (IceCv)
  An apocalypse crab (Zig:18)
  An orc priest (D:3)
  2 troll simulacra (IceCv)
  981 fire vortices
  15 foxfires
  16 starspawn tentacles
1024 creatures vanquished.

Grand Total: 4052 creatures vanquished

Notes
Turn   | Place    | Note
-------+----------+-------------------------------------------
     0 | D:1      | Ge0ff the Octopode Artificer began the quest for the Orb.
     0 | D:1      | Reached XP level 1. HP: 13/13 MP: 1/1
   202 | D:1      | Reached XP level 2. HP: 19/19 MP: 2/2
   526 | D:1      | Reached skill level 1 in Short Blades
   908 | D:1      | Reached XP level 3. HP: 21/24 MP: 3/3
  1112 | D:1      | Got Mopufosh's Parchment of Cold Intoxication
  1116 | D:1      | Learned a level 2 spell: Poisonous Vapours
  1784 | D:2      | Reached XP level 4. HP: 29/29 MP: 4/4
  2111 | D:3      | Reached skill level 1 in Poison Magic
  2411 | D:3      | Reached skill level 1 in Air Magic
  3027 | D:3      | Paralysed by an orc priest for 4 turns
  3034 | D:3      | Reached XP level 5. HP: 21/34 MP: 1/6
  3037 | D:3      | Reached skill level 1 in Spellcasting
  3089 | D:3      | Found a runed translucent gate.
  3089 | D:3      | Found a runed translucent gate.
  3089 | D:3      | Found a runed translucent gate.
  3090 | D:3      | Noticed a kobold brigand
  3090 | D:3      | Noticed protoss039's ghost (amateur DsEE)
  3292 | D:4      | an adder changed into a shapeshifter
  3292 | D:4      | Noticed a shapeshifter (shapeshifter)
  3292 | D:4      | a shapeshifter changed into a rime drake
  3292 | D:4      | Noticed a rime drake (shapeshifter)
  3296 | D:4      | Killed a rime drake
  3297 | D:4      | Reached XP level 6. HP: 34/39 MP: 6/9
  3297 | D:4      | Reached XP level 7. HP: 40/45 MP: 6/10
  3302 | D:4      | Learned a level 3 spell: Ignite Poison
  3607 | D:4      | Reached skill level 1 in Fire Magic
  3662 | D:4      | Reached skill level 1 in Transmutations
  5067 | D:5      | Entered Level 5 of the Dungeon
  5067 | D:5      | Noticed a two-headed ogre
  5071 | D:5      | Killed a two-headed ogre
  5072 | D:5      | Reached skill level 5 in Poison Magic
  5072 | D:5      | Reached XP level 8. HP: 50/50 MP: 1/12
  5366 | D:5      | Found a snail-covered altar of Cheibriados.
  5366 | D:5      | Found a hide-covered altar of Uskayaw.
  5426 | D:5      | Found a large runed translucent door.
  5426 | D:5      | Found a large runed translucent door.
  5429 | D:5      | Reached skill level 5 in Air Magic
  5548 | D:5      | Noticed Azuregosa's ghost (weakling OpDe)
  5741 | D:5      | Found a stormy altar of Qazlal.
  6012 | D:5      | Reached XP level 9. HP: 54/54 MP: 7/13
  6102 | D:5      | Noticed Blork the orc
  6105 | D:5      | Killed Blork the orc
  6337 | D:5      | Found a basalt altar of Yredelemnul.
  6798 | D:6      | Found an iron altar of Okawaru.
  7120 | D:6      | Reached skill level 5 in Transmutations
  7403 | D:6      | Noticed a two-headed ogre
  7406 | D:6      | Killed a two-headed ogre
  7407 | D:6      | Reached skill level 5 in Fire Magic
  8177 | D:6      | Found an iron altar of Okawaru.
  8893 | D:7      | Reached XP level 10. HP: 52/63 MP: 14/16
  8908 | D:7      | Learned a level 3 spell: Mephitic Cloud
  8997 | D:7      | Reached skill level 1 in Conjurations
  9080 | D:7      | Found a flagged portal.
  9089 | Bailey   | Entered a bailey
  9174 | Bailey   | Reached skill level 10 in Poison Magic
  9523 | Bailey   | Noticed a vault guard
  9527 | Bailey   | Killed a vault guard
  9528 | Bailey   | Reached skill level 5 in Conjurations
  9750 | Bailey   | Noticed Prince Ribbit
  9767 | Bailey   | Killed Prince Ribbit
 10270 | Bailey   | Noticed a vault guard
 10275 | Bailey   | Killed a vault guard
 10276 | Bailey   | Reached skill level 5 in Spellcasting
 10276 | Bailey   | Reached skill level 1 in Shields
 10520 | D:7      | Found Qejuwk's Weapon Boutique.
 10935 | D:7      | Reached XP level 11. HP: 68/68 MP: 10/18
 11071 | D:7      | Found a staircase to the Ecumenical Temple.
 11080 | Temple   | Entered the Ecumenical Temple
 11097 | Temple   | Became a worshipper of Vehumet
 11698 | D:8      | Found Cehor's General Store.
 11765 | D:8      | Bought a potion of enlightenment for 65 gold pieces
 11765 | D:8      | Bought a +1 short sword of venom for 137 gold pieces
 11982 | D:8      | Found Nughorodd's Magic Scroll Shoppe.
 12237 | D:8      | Bought a scroll of identify for 28 gold pieces
 12237 | D:8      | Bought 2 scrolls of immolation for 112 gold pieces
 12237 | D:8      | Bought a scroll of poison for 56 gold pieces
 12237 | D:8      | Identified a scroll of acquirement
 12238 | D:8      | Acquired a book of the Spheres
 12246 | D:8      | Learned a level 5 spell: Fireball
 12359 | D:8      | Found a staircase to the Lair.
 12391 | D:8      | Found Pideocu's Assorted Antiques.
 12399 | D:8      | Bought a black potion for 32 gold pieces
 12968 | D:8      | Found Gekhao's Distillery.
 12976 | D:8      | Bought a potion of degeneration for 15 gold pieces
 13479 | D:8      | Found a glowing silver altar of Zin.
 13544 | D:8      | Found a staircase to the Lair.
 13677 | D:8      | Found Nughorodd's Magic Scroll Shoppe.
 13736 | D:8      | Found Pideocu's Assorted Antiques.
 13794 | D:8      | Found Cehor's General Store.
 13814 | D:8      | Found Gekhao's Distillery.
 14136 | D:9      | Noticed a two-headed ogre
 14141 | D:9      | Killed a two-headed ogre
 14317 | D:9      | Found a staircase to the Orcish Mines.
 14899 | D:9      | Reached skill level 5 in Shields
 14944 | D:9      | Noticed Maurice
 15026 | D:9      | Paralysed by Maurice for 4 turns
 15030 | D:9      | Killed Maurice
 15692 | D:8      | Bought an iron wand for 144 gold pieces
 15746 | D:10     | Entered Level 10 of the Dungeon
 15749 | D:10     | Reached * piety under Vehumet
 15749 | D:10     | Offered knowledge of Foxfire by Vehumet.
 16851 | D:10     | Noticed a two-headed ogre
 16856 | D:10     | Killed a two-headed ogre
 16980 | D:10     | Found Puushrul's Book Shoppe.
 17047 | D:10     | Learned a level 3 spell: Inner Flame
 17059 | D:11     | Noticed a manticore
 17062 | D:11     | Killed a manticore
 17063 | D:11     | Reached skill level 1 in Throwing
 17191 | D:11     | Noticed a cyclops
 17452 | D:11     | Killed a cyclops
 17453 | D:11     | Reached XP level 12. HP: 74/74 MP: 14/20
 17565 | D:11     | Reached skill level 1 in Hexes
 18515 | D:11     | Reached skill level 2 in Throwing
 19209 | D:12     | Found a frozen archway.
 19220 | IceCv    | Entered an ice cave
 19368 | IceCv    | Offered knowledge of Shock by Vehumet.
 19368 | IceCv    | Reached ** piety under Vehumet
 19779 | IceCv    | Reached skill level 5 in Fighting
 19833 | IceCv    | Noticed a reaper
 19874 | IceCv    | Killed a reaper
 21425 | D:12     | Identified the +3 hand axe of Income {spect, Fly rC+ rN+
                  | Int+4}
 21833 | D:12     | Learned a level 4 spell: Dispel Undead
 21924 | D:12     | Noticed a boulder beetle
 21931 | D:12     | Killed a boulder beetle
 22040 | Lair:1   | Entered Level 1 of the Lair of Beasts
 22203 | Lair:1   | Found a runed translucent door.
 22206 | Lair:1   | Noticed Mieqobio's ghost (journeyman GrEE)
 22223 | Lair:1   | Reached skill level 1 in Necromancy
 22239 | Lair:1   | Offered knowledge of Dazzling Flash by Vehumet.
 22240 | Lair:1   | Reached XP level 13. HP: 70/81 MP: 2/23
 22711 | Lair:1   | Reached *** piety under Vehumet
 22978 | Lair:1   | Found a transporter.
 23140 | Lair:1   | Found a transporter.
 23567 | Lair:1   | Reached skill level 10 in Conjurations
 23837 | Lair:1   | Reached skill level 10 in Fire Magic
 23838 | Lair:1   | Offered knowledge of Flame Wave by Vehumet.
 24399 | Lair:2   | Noticed Gastronok
 24405 | Lair:2   | Killed Gastronok
 25082 | Lair:2   | Found a staircase to the Snake Pit.
 25196 | Lair:2   | Reached **** piety under Vehumet
 25753 | Lair:3   | Identified the +5 chain mail of Hepliaklqana's Whim {rElec}
 25939 | Lair:3   | You are sucked into a shaft and drop 1 floor!
 25984 | Lair:4   | Reached XP level 14. HP: 88/88 MP: 4/26
 26280 | Lair:4   | Offered knowledge of Airstrike by Vehumet.
 26721 | Lair:3   | Reached skill level 5 in Necromancy
 26992 | Lair:3   | Found a staircase to the Swamp.
 28977 | Lair:4   | Found a staircase to the Slime Pits.
 29003 | Lair:5   | Entered Level 5 of the Lair of Beasts
 29681 | Lair:5   | Reached ***** piety under Vehumet
 30047 | D:3      | Offered knowledge of Irradiate by Vehumet.
 30057 | D:3      | Killed protoss039's ghost
 30064 | D:3      | Learned a level 5 spell: Irradiate
 30160 | D:5      | Killed Azuregosa's ghost
 30777 | D:12     | Reached XP level 15. HP: 92/92 MP: 28/28
 31555 | Lair:5   | Learned a level 7 spell: Orb of Destruction
 32003 | Lair:5   | Offered knowledge of Sticky Flame by Vehumet.
 32126 | Lair:5   | Found a large runed translucent door.
 32126 | Lair:5   | Found a large runed translucent door.
 32618 | Lair:5   | Identified the +9 ring mail "Qaji" {-Tele rPois rCorr
                  | Dex+4}
 33469 | Lair:1   | Killed Mieqobio's ghost
 33826 | D:13     | Noticed Lodul
 33827 | D:13     | Killed Lodul
 34398 | D:13     | Found a gate to the Vaults.
 34903 | D:14     | Identified the +0 chain mail "Piore" {Int+2 Dex+3 SInv}
 35801 | D:15     | Entered Level 15 of the Dungeon
 36126 | D:15     | Identified the +2 falchion of Infection {vamp, Str+3}
 36164 | D:15     | Found Abych's Distillery.
 36172 | D:15     | Bought a potion of cancellation for 88 gold pieces
 36172 | D:15     | Bought a potion of magic for 88 gold pieces
 36292 | D:15     | Offered knowledge of Plasma Beam by Vehumet.
 36293 | D:15     | Reached skill level 10 in Spellcasting
 36559 | Lair:4   | Learned a level 6 spell: Plasma Beam
 36822 | D:15     | Found Lefot's Magic Scroll Boutique.
 36836 | D:15     | Reached XP level 16. HP: 98/98 MP: 7/30
 36942 | D:15     | Found Zegomu's Assorted Antiques.
 37116 | D:15     | Found Ucuuxoqi's Antique Weapon Shop.
 37216 | D:15     | Found a staircase to the Depths.
 37664 | Swamp:1  | Entered Level 1 of the Swamp
 38104 | Swamp:1  | Noticed a thorn hunter
 38107 | Swamp:1  | Killed a thorn hunter
 38173 | Swamp:1  | You are sucked into a shaft and drop 1 floor!
 38190 | Swamp:2  | Noticed Jorgrun
 38192 | Swamp:2  | Learned a level 2 spell: Blink
 38195 | Swamp:2  | Killed Jorgrun
 38330 | Swamp:2  | Noticed a fenstrider witch
 38332 | Swamp:2  | Killed a fenstrider witch
 38526 | Swamp:2  | Noticed a fenstrider witch
 38532 | Swamp:2  | Killed a fenstrider witch
 38732 | Swamp:1  | Noticed a fenstrider witch
 38737 | Swamp:1  | Killed a fenstrider witch
 39524 | Swamp:3  | Reached skill level 15 in Conjurations
 39528 | Swamp:3  | Reached skill level 15 in Fire Magic
 40348 | Swamp:3  | Identified the +8 falchion "Syfupt" {distort, rF+ Will+
                  | Str+2 Stlth+}
 40348 | Swamp:3  | Identified the +0 ring mail of Sloth {rF- rC- Regen+ Dex+8}
 40468 | Swamp:4  | Entered Level 4 of the Swamp
 40477 | Swamp:4  | Offered knowledge of Spellforged Servitor by Vehumet.
 40771 | Swamp:4  | Reached XP level 17. HP: 103/103 MP: 31/31
 41915 | Swamp:4  | Got a decaying rune of Zot
 42245 | Orc:1    | Entered Level 1 of the Orcish Mines
 42347 | Orc:1    | Found Giulia's Mayhem Merchandise.
 42432 | Orc:2    | Entered Level 2 of the Orcish Mines
 42833 | Orc:1    | Offered knowledge of Arcjolt by Vehumet.
 43022 | Orc:2    | Found a staircase to the Elven Halls.
 43285 | Orc:2    | Found Yvompora's Armour Shop.
 43285 | Orc:2    | Found Zekkoeg's Jewellery Shoppe.
 43285 | Orc:2    | Found Lyffiuk's Magic Scroll Emporium.
 43295 | Orc:2    | Found Riyb's Weapon Boutique.
 43762 | Orc:2    | Bought the ring "Boaczeg" {Fire MP+9} for 763 gold pieces
 43969 | Snake:1  | Entered Level 1 of the Snake Pit
 45629 | Snake:1  | Identified the staff of Ravage {rElec rPois Str+3 Poison}
 46496 | Snake:2  | Found a shadowy altar of Dithmenos.
 46561 | Snake:2  | Offered knowledge of Starburst by Vehumet.
 46585 | Snake:2  | Reached XP level 18. HP: 77/108 MP: 9/33
 47396 | Snake:3  | Noticed Nikola
 47594 | Snake:3  | Killed Nikola
 48312 | Snake:3  | Reached skill level 10 in Transmutations
 48881 | Snake:4  | Entered Level 4 of the Snake Pit
 50665 | Snake:4  | Offered knowledge of Ignition by Vehumet.
 50881 | Snake:4  | Reached ****** piety under Vehumet
 51153 | Snake:4  | Got a serpentine rune of Zot
 52117 | Vaults:5 | Identified the of Saenusk
 52117 | Crypt:3  | Identified the "Asaxageu"
 52117 | Depths:1 | Identified the "Nourghidi"
 52117 | Depths:3 | Identified the of Lagef
 52117 | Elf:1    | Identified the "Umochety"
 52117 | Elf:1    | Entered Level 1 of the Elven Halls
 52831 | Elf:1    | Reached XP level 19. HP: 48/113 MP: 35/35
 53123 | Elf:1    | Learned a level 8 spell: Ignition
 53671 | Snake:2  | Learned a level 5 spell: Yara's Violent Unravelling
 54051 | Elf:1    | Found Gunn's Jewellery Shop.
 54351 | Elf:1    | Found Gunn's Jewellery Shop.
 55013 | Elf:1    | Bought the amulet "Yzur" {RegenMP rElec rF+ Will+++} for
                  | 1106 gold pieces
 55070 | Elf:2    | Found Zeuj's General Store.
 55074 | Elf:2    | Found Tearid's Specific Store.
 55087 | Elf:2    | Bought a scroll of fog for 48 gold pieces
 55087 | Elf:2    | Bought a scroll of immolation for 48 gold pieces
 55372 | Elf:2    | Found a runed translucent door.
 55396 | Elf:2    | Found a runed translucent door.
 55431 | Elf:2    | Found a portal to a secret trove of treasure.
 55457 | Elf:2    | Found Fyxiatok's Assorted Antiques.
 55486 | Elf:2    | Bought a serpentine jade ring for 165 gold pieces
 55486 | Elf:2    | Identified the ring "Boateget" {*Slow rC+ AC+4 Int+5} (You
                  | bought it in a shop on level 2 of the Elven Halls)
 55982 | Elf:2    | Offered knowledge of Fire Storm by Vehumet.
 55982 | Elf:2    | Offered knowledge of Chain Lightning by Vehumet.
 55982 | Elf:2    | Offered knowledge of Maxwell's Capacitive Coupling by
                  | Vehumet.
 56578 | Elf:2    | Bought 3 darts of dispersal for 32 gold pieces
 56596 | Elf:3    | Identified the of Ipueriog
 56596 | Elf:3    | Identified the "Kaatiost"
 56596 | Elf:3    | Entered Level 3 of the Elven Halls
 56879 | Elf:3    | Paralysed by an air elemental for 1 turns
 57505 | Elf:3    | Identified the ring "Axkin" {rElec AC+4}
 58133 | Elf:3    | Reached XP level 20. HP: 119/119 MP: 37/37
 58853 | Vaults:1 | Entered Level 1 of the Vaults
 59016 | Vaults:1 | Found a flickering gateway to a bazaar.
 59060 | Bazaar   | Entered a bazaar
 59109 | Bazaar   | Found Hizopse's Antique Weapon Boutique.
 59117 | Bazaar   | Found Gehug's General Store.
 59128 | Bazaar   | Found Naheskul's Book Emporium.
 59143 | Bazaar   | Found Hekeutrao's Antique Armour Shop.
 59151 | Bazaar   | Found Megaket's Magic Scroll Shop.
 59159 | Bazaar   | Bought a scroll of butterflies for 76 gold pieces
 59159 | Bazaar   | Bought a scroll of blinking for 142 gold pieces
 59159 | Bazaar   | Bought a scroll of revelation for 142 gold pieces
 59182 | Bazaar   | Bought a scroll of blinking for 90 gold pieces
 59182 | Bazaar   | Bought 5 silver javelins for 540 gold pieces
 59321 | Vaults:1 | Identified the +1 arbalest "Nagra" {heavy, Contam rElec
                  | rC++ Int+3}
 60364 | Vaults:1 | Identified the +1 scale mail "Meudinal" {rN++ Stlth-}
 60366 | Vaults:1 | Found a transporter.
 60368 | Vaults:1 | Found a bloodstained altar of Trog.
 60389 | Vaults:1 | Found a transporter.
 60389 | Vaults:1 | Identified the +10 flail of Quick Death {freeze, *Slow
                  | +Blink Fly}
 60393 | Vaults:1 | Noticed Plog's ghost (adept AtMo)
 61419 | Vaults:2 | Found Nomuujus's Armour Emporium.
 61478 | Vaults:2 | Noticed a dread lich
 61494 | Vaults:2 | Killed a dread lich
 61684 | Vaults:2 | Identified the ring "Risa" {rC+ rN+ Dex+6}
 62010 | Vaults:2 | Found a staircase to the Crypt.
 62182 | Vaults:2 | Noticed Mennas
 62466 | Vaults:3 | Reached XP level 21. HP: 103/124 MP: 37/39
 63088 | Vaults:3 | Reached skill level 15 in Spellcasting
 63570 | Vaults:3 | Learned a level 9 spell: Fire Storm
 64086 | Vaults:3 | Found Zuozulaw's Jewellery Shoppe.
 64365 | Vaults:4 | Identified the +0 kite shield "Vyashoch" {Regen+ Str+2}
 64846 | Vaults:4 | Reached skill level 10 in Fighting
 65014 | Vaults:4 | Reached XP level 22. HP: 144/144 MP: 41/41
 65106 | Vaults:4 | Noticed Zenata
 65109 | Vaults:4 | Killed Zenata
 65157 | Vaults:4 | Identified the "Ridiukk" (You acquired it on level 4 of
                  | the Vaults)
 65157 | Vaults:4 | Acquired 1065 gold pieces
 65913 | Vaults:5 | Entered Level 5 of the Vaults
 66344 | Depths:1 | Entered Level 1 of the Depths
 66583 | Depths:1 | Noticed Bai Suzhen
 66588 | Depths:1 | Killed Bai Suzhen
 66589 | Depths:1 | Noticed Margery
 66593 | Depths:1 | Killed Margery
 66774 | Depths:1 | Found a gateway to Hell.
 66841 | Depths:1 | Noticed Louise
 66845 | Depths:1 | Killed Louise
 66862 | Depths:1 | Found a one-way gateway to a ziggurat.
 67011 | Depths:1 | Found a one-way gate to the infinite horrors of the Abyss.
 67191 | Depths:1 | Found Iqe Wuu's Self-Improvement Boutique.
 67219 | Depths:1 | Bought a manual of Shields for 1520 gold pieces
 67262 | Depths:1 | Found Vyhaun's Demolitions Depot.
 67270 | Depths:1 | Bought a wand of iceblast (5) for 192 gold pieces
 67579 | Depths:2 | Reached skill level 5 in Dodging
 67751 | Depths:2 | Reached XP level 23. HP: 160/160 MP: 43/43
 68374 | Depths:2 | Identified the +0 quarterstaff of Vanity {drain, rPois
                  | rCorr Dex+2}
 68500 | Depths:2 | Found a one-way gate leading to the halls of Pandemonium.
 68530 | Depths:2 | Noticed Aizul
 68532 | Depths:2 | Killed Aizul
 68584 | Depths:2 | Found Vylivog's Distillery.
 69318 | Elf:2    | You paid a toll of a +8 demon trident to enter a treasure
                  | trove
 69319 | Trove    | Entered a treasure trove
 69324 | Trove    | Identified the ring of Xom's Flight of Fancy {rPois rF+ rN+
                  | Str-2 SInv}
 69325 | Trove    | Identified the ring of Gaump {*Slow Str+4 Dex+3 Slay+4}
 69328 | Trove    | Identified the ring "Fyhiok" {rF+ Stlth+}
 69329 | Trove    | Identified the amulet of Vybidaipn {Regen+ rCorr Str-5
                  | Int+3 Dex+3}
 69331 | Trove    | Identified the ring "Kuho" {rElec rPois rCorr Str+4 Stlth-}
 69335 | Trove    | Identified the ring "Qimeqi" {Drain rPois EV+5 Int+4}
 70192 | Depths:3 | Noticed a golden dragon
 70194 | Depths:3 | Killed a golden dragon
 70204 | Depths:3 | Reached skill level 10 in Shields
 70226 | Depths:3 | Found a flickering gateway to a bazaar.
 70235 | Bazaar   | Entered a bazaar
 70235 | Bazaar   | Found Munt's Antique Weapon Boutique.
 70235 | Bazaar   | Found Coguiw's Antique Armour Shop.
 70235 | Bazaar   | Found Sauniz's Armour Shop.
 70258 | Bazaar   | Identified the +1 robe of Panentheism {Will- Int+5}
 70338 | Depths:3 | Reached skill level 15 in Fighting
 70554 | Depths:3 | Noticed a golden dragon
 70564 | Depths:3 | Killed a golden dragon
 70945 | Depths:3 | Identified the +8 war axe "Suunot" {freeze, rC++ Dex-5}
 70946 | Depths:3 | Identified the ring "Azopsukhui" {rF+ Str+4}
 71329 | Depths:3 | Identified the staff of Conscience {rElec Will+ Air}
 71347 | Depths:3 | Identified the +3 broad axe of Balance {venom, rPois Int+2}
 71940 | Depths:4 | Entered Level 4 of the Depths
 71948 | Depths:4 | Reached XP level 24. HP: 150/170 MP: 44/44
 71961 | Depths:4 | Noticed Vv
 72120 | Depths:4 | Killed Vv
 72810 | Depths:4 | Found a gate to the Realm of Zot.
 73217 | Vaults:2 | Killed Mennas
 73464 | Vaults:1 | Killed Plog's ghost
 73739 | Depths:1 | Bought a manual of Throwing for 1520 gold pieces
 73825 | Depths:1 | Voluntarily entered the Abyss.
 73944 | Abyss:1  | Found a broken altar of Ashenzari.
 73946 | Abyss:1  | Found a broken altar of Ashenzari.
 73946 | Abyss:1  | Found a broken altar of Ashenzari.
 74064 | Abyss:1  | Found a corrupted altar of Lugonu.
 74189 | Abyss:1  | Found a corrupted altar of Lugonu.
 74257 | Abyss:1  | Found a corrupted altar of Lugonu.
 74267 | Abyss:1  | Found a corrupted altar of Lugonu.
 74323 | Abyss:1  | Reached skill level 3 in Throwing
 74324 | Abyss:1  | Found a corrupted altar of Lugonu.
 74511 | Abyss:2  | Reached skill level 4 in Throwing
 74591 | Abyss:3  | Found a corrupted altar of Lugonu.
 74700 | Abyss:4  | Noticed a dread lich
 74703 | Abyss:4  | Killed a dread lich
 74711 | Abyss:4  | Reached skill level 5 in Throwing
 74746 | Abyss:4  | Gained mutation: Your body sometimes deteriorates upon
                  | taking damage. [a neqoxec]
 74748 | Abyss:4  | Reached skill level 6 in Throwing
 74766 | Abyss:4  | Found a corrupted altar of Lugonu.
 74770 | Abyss:4  | Got an abyssal rune of Zot
 74859 | Depths:1 | Escaped the Abyss
 75153 | Zot:1    | Identified the "Imoskueg"
 75153 | Slime:1  | Entered Level 1 of the Pits of Slime
 75158 | Slime:1  | Reached skill level 10 in Dodging
 75159 | Slime:1  | Reached XP level 25. HP: 174/177 MP: 44/44
 75467 | Slime:2  | Reached skill level 7 in Throwing
 75472 | Slime:2  | Reached skill level 8 in Throwing
 75888 | Slime:3  | Found a viscous altar of Jiyva.
 76222 | Slime:4  | Reached skill level 9 in Throwing
 76548 | Slime:5  | Entered Level 5 of the Pits of Slime
 76604 | Slime:5  | Reached skill level 10 in Throwing
 77757 | Slime:5  | Noticed the Royal Jelly
 77762 | Slime:5  | Killed the Royal Jelly
 78032 | Slime:5  | Reached skill level 11 in Throwing
 78195 | Slime:5  | Identified the ring of Ickih {rF++ AC+4 Int+4}
 78200 | Slime:5  | Identified the +2 great sword of Cataclysm {speed, Str+5
                  | SInv}
 78217 | Slime:5  | Got a slimy rune of Zot
 79127 | D:8      | Bought a scroll of immolation for 56 gold pieces
 79275 | D:15     | Bought a potion of heal wounds for 55 gold pieces
 79275 | D:15     | Bought a potion of heal wounds for 55 gold pieces
 79275 | D:15     | Bought a potion of lignification for 33 gold pieces
 79275 | D:15     | Bought a potion of ambrosia for 88 gold pieces
 79275 | D:15     | Bought a potion of enlightenment for 55 gold pieces
 79275 | D:15     | Bought a potion of haste for 110 gold pieces
 79390 | D:8      | Bought 2 potions of magic for 240 gold pieces
 79390 | D:8      | Bought 2 potions of ambrosia for 240 gold pieces
 79592 | Tomb:1   | Identified the "Ujidwiypu"
 79592 | Tomb:3   | Identified the "Ujig"
 79592 | Tar:7    | Identified the "Ereiluaz"
 79592 | Geh:7    | Identified the "Paymin"
 79592 | Pan      | Identified the "Wumugi Qadaa"
 79592 | Zig:1    | Entered Level 1 of a ziggurat
 79615 | Zig:2    | Entered Level 2 of a ziggurat
 79668 | Zig:3    | Entered Level 3 of a ziggurat
 79671 | Zig:3    | Noticed an ancient lich
 79673 | Zig:3    | Killed an ancient lich
 79674 | Zig:3    | Reached skill level 15 in Shields
 79703 | Zig:4    | Entered Level 4 of a ziggurat
 79728 | Zig:5    | Entered Level 5 of a ziggurat
 79732 | Zig:5    | Found the +16 obsidian axe {drain, demonic, Mesm Drain Fly
                  | SInv}
 79761 | Zig:6    | Entered Level 6 of a ziggurat
 79816 | Zig:6    | Found the +3 Elemental Staff {ele, rElec rF+ rC+ AC+3}
 79840 | Zig:7    | Entered Level 7 of a ziggurat
 79868 | Zig:7    | Identified the +10 whip "Hysigo" {freeze, rF+ Will++}
 79878 | Zig:7    | Acquired a book of Blood
 79885 | Zig:7    | Learned a level 2 spell: Sublimation of Blood
 79891 | Zig:8    | Entered Level 8 of a ziggurat
 79901 | Zig:8    | Noticed Qikacs the pandemonium lord
 79902 | Zig:8    | Killed Qikacs the pandemonium lord
 79903 | Zig:8    | Reached skill level 12 in Throwing
 79903 | Zig:8    | Reached XP level 26. HP: 176/183 MP: 45/45
 79923 | Zig:8    | Identified the amulet of the Heavens {Spirit SInv}
 79947 | Zig:8    | Identified the +0 leather armour of Wasted Space {*Slow rC+
                  | Will+ rCorr}
 79949 | Zig:9    | Entered Level 9 of a ziggurat
 79965 | Zig:9    | Noticed a royal mummy
 79969 | Zig:9    | Killed a royal mummy
 79972 | Zig:9    | Noticed a royal mummy
 80124 | Zig:9    | Identified the staff of Chagrin {rElec rPois rF+ Fire}
 80129 | Zig:9    | Identified the +7 whip of Nightmares {drain, Will+ Int+3
                  | Stlth+}
 80153 | Zig:10   | Entered Level 10 of a ziggurat
 80217 | Zig:10   | Reached XP level 27. HP: 191/191 MP: 45/45
 80226 | Zig:11   | Identified the of Docit
 80226 | Zig:11   | Entered Level 11 of a ziggurat
 80307 | Zig:12   | Identified the "Pung"
 80307 | Zig:12   | Entered Level 12 of a ziggurat
 80319 | Zig:12   | Noticed Talane Vatha the pandemonium lord
 80322 | Zig:12   | Killed Talane Vatha the pandemonium lord
 80323 | Zig:12   | Reached skill level 5 in Hexes
 80399 | Zig:12   | Identified the +5 hand axe "Kaqepo" {venom, Fragile rC+
                  | rCorr}
 80407 | Zig:12   | Identified the +1 chain mail of Fuzzy Knowledge {rF++}
 80442 | Zig:13   | Entered Level 13 of a ziggurat
 80453 | Zig:13   | Reached skill level 5 in Evocations
 80475 | Zig:13   | Identified the +0 morningstar of Innocence {freeze, rC+
                  | MP+9}
 80481 | Zig:13   | Identified the +1 flail of the Poles {flame, rF+}
 80534 | Zig:13   | Reached skill level 13 in Throwing
 80553 | Zig:14   | Entered Level 14 of a ziggurat
 80571 | Zig:14   | Reached skill level 1 in Translocations
 80578 | Zig:14   | Found the +5 woodcutter's axe
 80587 | Zig:14   | Identified the +0 sling of Oseas {elec, Fragile rC+ Int+5}
 80661 | Zig:15   | Identified the "Sicoshab"
 80661 | Zig:15   | Entered Level 15 of a ziggurat
 80679 | Zig:15   | Reached skill level 5 in Stealth
 80719 | Zig:15   | Identified the ring of Qafaopn {rPois rN+ AC+4}
 80723 | Zig:15   | Identified the ring of Ibet {rPois EV+5 Str-3 Stlth+}
 80729 | Zig:15   | Identified the +4 shortbow of the Squeaky God {flame,
                  | Dex+2}
 80736 | Zig:15   | Identified the +1 chain mail "Tank" {MP+9 Int+3}
 80767 | Zig:16   | Entered Level 16 of a ziggurat
 80783 | Zig:16   | Noticed a royal mummy
 80785 | Zig:16   | Noticed a royal mummy
 80786 | Zig:16   | Killed a royal mummy
 80787 | Zig:16   | Killed a royal mummy
 80791 | Zig:16   | Noticed a royal mummy
 80792 | Zig:16   | Killed a royal mummy
 80796 | Zig:16   | Noticed a royal mummy
 80798 | Zig:16   | Killed a royal mummy
 80798 | Zig:16   | Noticed a royal mummy
 80800 | Zig:16   | Killed a royal mummy
 80876 | Zig:16   | Identified the +5 whip "Vubaboni" {vamp, Drain rN+ Str+3
                  | Dex+9}
 80880 | Zig:16   | Identified the +4 orcbow of Reapportionment {drain, rPois
                  | rF+ rN+ Str-3}
 80892 | Zig:16   | Identified the ring "Kameg" {rPois Str+7 Int-3 SInv Stlth+}
 80929 | Zig:17   | Identified the "Ritat"
 80929 | Zig:17   | Entered Level 17 of a ziggurat
 80945 | Zig:17   | Noticed an ancient lich
 80947 | Zig:17   | Killed an ancient lich
 80949 | Zig:17   | Noticed an ancient lich
 80951 | Zig:17   | Killed an ancient lich
 80954 | Zig:17   | Found the +9 sword of Power {lifebolt}
 80987 | Zig:17   | Learned a level 2 spell: Passwall
 81066 | Zig:18   | Entered Level 18 of a ziggurat
 81076 | Zig:18   | Noticed Xumpeq the pandemonium lord
 81081 | Zig:18   | Killed Xumpeq the pandemonium lord
 81083 | Zig:18   | Noticed Odaiti the pandemonium lord
 81087 | Zig:18   | Killed Odaiti the pandemonium lord
 81092 | Zig:18   | Killed Rylos the pandemonium lord
 81094 | Zig:18   | Noticed Keemoene the pandemonium lord
 81096 | Zig:18   | Reached skill level 14 in Throwing
 81096 | Zig:18   | Noticed Ifoogonu the pandemonium lord
 81096 | Zig:18   | Noticed Sofrev the pandemonium lord
 81097 | Zig:18   | Reached skill level 5 in Translocations
 81097 | Zig:18   | Killed Keemoene the pandemonium lord
 81097 | Zig:18   | Killed Ifoogonu the pandemonium lord
 81097 | Zig:18   | Killed Pepinani the pandemonium lord
 81098 | Zig:18   | Killed Sofrev the pandemonium lord
 81106 | Zig:18   | Killed Obaliat the pandemonium lord
 81123 | Zig:18   | Found the +7 hand cannon "Mule" {flame, backblast, rF+}
 81143 | Zig:18   | Identified the +0 pair of gloves "Caihaico" {Dex+2}
 81234 | Zig:19   | Identified the "Jumnaciq"
 81234 | Zig:19   | Identified the "Xuehigath"
 81234 | Zig:19   | Entered Level 19 of a ziggurat
 81269 | Zig:19   | Reached skill level 10 in Air Magic
 81281 | Zig:19   | Reached skill level 10 in Necromancy
 81496 | Zig:19   | Found the +2 pair of slick slippers {slick, slippery, EV+4}
 81512 | Zig:19   | Identified the +8 sling "Eviscerator" {heavy, rElec rCorr
                  | Int+2 Dex+2}
 81578 | Zig:19   | Learned a level 1 spell: Apportation
 81593 | Zig:20   | Identified the "Coxu Muo"
 81593 | Zig:20   | Identified the "Dasirgh"
 81593 | Zig:20   | Entered Level 20 of a ziggurat
 81624 | Zig:20   | Reached skill level 15 in Throwing
 81626 | Zig:20   | Reached skill level 10 in Evocations
 81760 | Zig:21   | Identified the "Nastriof"
 81760 | Zig:21   | Entered Level 21 of a ziggurat
 81806 | Zig:21   | Reached skill level 10 in Stealth
 81809 | Zig:21   | Reached skill level 16 in Throwing
 81875 | Zig:21   | Identified the +2 orcbow "Octopus's Death" {elec, Fragile
                  | rCorr Int+6 SInv}
 81883 | Zig:21   | Identified the ring "Puujiasu" {rElec rF+ rN+}
 81891 | Zig:21   | Identified the +7 mace "Bewof" {flame, rPois Will+}
 82006 | Zig:22   | Entered Level 22 of a ziggurat
 82090 | Zig:22   | Identified the +6 falchion "Riwy" {freeze, *Noise rElec
                  | rPois}
 82168 | Zig:23   | Identified the "Rauryit"
 82168 | Zig:23   | Entered Level 23 of a ziggurat
 82201 | Zig:23   | Noticed an ancient lich
 82202 | Zig:23   | Killed an ancient lich
 82202 | Zig:23   | Killed an ancient lich
 82203 | Zig:23   | Reached skill level 17 in Throwing
 82204 | Zig:23   | Noticed an ancient lich
 82207 | Zig:23   | Killed an ancient lich
 82208 | Zig:23   | Noticed an ancient lich
 82210 | Zig:23   | Killed an ancient lich
 82232 | Zig:23   | Found the +10 Black Knight's barding {ponderous, rPois rN+}
 82233 | Zig:23   | Found the +4 Cigotuvi's embrace {Corpsefed rMiasma Drain
                  | rN+}
 82244 | Zig:23   | Identified the ring "Vucall" {rC+ rN+}
 82247 | Zig:23   | Identified the +10 great mace of the Vendetta {protect,
                  | rPois rCorr Dex+2}
 82252 | Zig:23   | Identified the +12 lajatang of Wyrd {flame, Dex+2}
 82255 | Zig:23   | Identified the ring of Cyitoppy {rCorr Dex+6 Slay-6}
 82258 | Zig:23   | Identified the +0 longbow "Codiw" {drain, rC- rCorr Stlth+}
 82362 | Zig:24   | Identified the "Oraec"
 82362 | Zig:24   | Entered Level 24 of a ziggurat
 82381 | Zig:24   | Noticed a royal mummy
 82384 | Zig:24   | Noticed a royal mummy
 82386 | Zig:24   | Killed a royal mummy
 82386 | Zig:24   | Noticed a royal mummy
 82387 | Zig:24   | Killed a royal mummy
 82387 | Zig:24   | Killed a royal mummy
 82390 | Zig:24   | Noticed a royal mummy
 82393 | Zig:24   | Killed a royal mummy
 82394 | Zig:24   | Killed a royal mummy
 82399 | Zig:24   | Noticed a royal mummy
 82401 | Zig:24   | Killed a royal mummy
 82406 | Zig:24   | Noticed a royal mummy
 82408 | Zig:24   | Killed a royal mummy
 82440 | Zig:24   | Noticed a royal mummy
 82442 | Zig:24   | Killed a royal mummy
 82443 | Zig:24   | Reached skill level 15 in Stealth
 82577 | Zig:24   | Identified the ring "Gopruk" {Int+2 Dex+4 SInv}
 82592 | Zig:24   | Identified the +4 barding of Miracles {rPois Regen+ SInv
                  | Stlth-}
 82596 | Zig:25   | Entered Level 25 of a ziggurat
 82607 | Zig:25   | Paralysed by a floating eye for 4 turns
 82632 | Zig:25   | Reached skill level 18 in Throwing
 82646 | Zig:25   | Reached skill level 19 in Throwing
 82804 | Zig:25   | Reached skill level 20 in Throwing
 82824 | Zig:26   | Identified the "Bopuk"
 82824 | Zig:26   | Entered Level 26 of a ziggurat
 82843 | Zig:26   | Noticed a dread lich
 82845 | Zig:26   | Killed a dread lich
 82846 | Zig:26   | Reached skill level 21 in Throwing
 82846 | Zig:26   | Noticed a dread lich
 82847 | Zig:26   | Noticed a dread lich
 82850 | Zig:26   | Killed a dread lich
 82851 | Zig:26   | Killed a dread lich
 82852 | Zig:26   | Noticed a dread lich
 82853 | Zig:26   | Killed a dread lich
 82853 | Zig:26   | Noticed a dread lich
 82855 | Zig:26   | Killed a dread lich
 82856 | Zig:26   | Reached skill level 5 in Earth Magic
 82856 | Zig:26   | Noticed a dread lich
 82856 | Zig:26   | Noticed an ancient lich
 82858 | Zig:26   | Killed a dread lich
 82858 | Zig:26   | Killed an ancient lich
 82859 | Zig:26   | Noticed an ancient lich
 82860 | Zig:26   | Noticed a dread lich
 82860 | Zig:26   | Noticed a dread lich
 82861 | Zig:26   | Noticed an ancient lich
 82862 | Zig:26   | Reached skill level 22 in Throwing
 82862 | Zig:26   | Killed a dread lich
 82862 | Zig:26   | Killed an ancient lich
 82862 | Zig:26   | Killed a dread lich
 82863 | Zig:26   | Killed an ancient lich
 82866 | Zig:26   | Killed an ancient lich
 82879 | Zig:26   | Found the +11 Singing Sword {sonic wave}
 82887 | Zig:26   | Identified the staff of Reinforcement {rF+ Str+3 Dex+2
                  | Earth}
 82890 | Zig:26   | Identified the ring of Ykoimeadd {Ice rElec}
 82897 | Zig:26   | Identified the staff of Sandy Expedience {rF+ rN++ Will++
                  | Str-5 Fire}
 82919 | Zig:26   | Identified the +1 mace "Wihetir" {freeze, rC- Str+4}
 83037 | Zig:27   | Identified the "Tarphuokh"
 83037 | Zig:27   | Identified the "Qughotal"
 83037 | Zig:27   | Entered Level 27 of a ziggurat
 83057 | Zig:27   | Reached skill level 23 in Throwing
 83080 | Zig:27   | Reached skill level 24 in Throwing
 83121 | Zig:27   | Identified the +4 long sword "Borrookh" {heavy, *Rage Dex+4
                  | Stlth+}
 83171 | Zig:27   | Identified the ring "Daevureq" {*Slow rPois rC++ rN++}
 83187 | Zig:27   | Reached skill level 25 in Throwing
 83199 | Zig:27   | Identified the +3 spear "Wipruech" {venom, Dex+7}
 83205 | Zig:27   | Identified the +11 arbalest of Vutun {penet, Str+4}
 83223 | Zig:27   | Identified the +4 battleaxe of Classification {freeze,
                  | *Noise rElec Will++ Str+3}
 83336 | Depths:1 | Learned a level 4 spell: Passage of Golubria
 83395 | Zot:1    | Entered Level 1 of the Realm of Zot
 83473 | Depths:1 | Bought a book of Blasting for 448 gold pieces
 83482 | Depths:1 | Learned a level 4 spell: Iskenderun's Mystic Blast
 84001 | Zot:5    | Entered Level 5 of the Realm of Zot
 84289 | Zot:5    | Noticed an orb of fire
 84293 | Zot:5    | Killed an orb of fire
 84293 | Zot:5    | Noticed an orb of fire
 84299 | Zot:5    | Killed an orb of fire
 84306 | Zot:5    | Noticed a dread lich
 84308 | Zot:5    | Killed a dread lich
 84309 | Zot:5    | Reached skill level 26 in Throwing
 84454 | Zot:5    | Noticed a dread lich
 84456 | Zot:5    | Killed a dread lich
 84580 | Zot:5    | Noticed a dread lich
 84583 | Zot:5    | Killed a dread lich
 84693 | Zot:5    | Noticed an ancient lich
 84695 | Zot:5    | Killed an ancient lich
 84706 | Zot:5    | Noticed an orb of fire
 84706 | Zot:5    | Noticed an ancient lich
 84708 | Zot:5    | Killed an ancient lich
 84708 | Zot:5    | Noticed an orb of fire
 84709 | Zot:5    | Killed an orb of fire
 84709 | Zot:5    | Noticed an orb of fire
 84710 | Zot:5    | Killed an orb of fire
 84711 | Zot:5    | Killed an orb of fire
 84713 | Zot:5    | Noticed an orb of fire
 84715 | Zot:5    | Reached skill level 27 in Throwing
 84715 | Zot:5    | Killed an orb of fire
 85422 | Zot:5    | Lost mutation: Your body sometimes deteriorates upon taking
                  | damage. [potion of mutation]
 85422 | Zot:5    | Gained mutation: Your spells are a little harder to cast,
                  | but a little more powerful. [potion of mutation]
 85422 | Zot:5    | Gained mutation: You are agile. (Dex +4, Str/Int -1)
                  | [potion of mutation]
 85422 | Zot:5    | Gained mutation: You passively map a small area around you.
                  | [potion of mutation]
 85483 | Zot:5    | Got the Orb of Zot
 85641 | Depths:1 | Noticed Emewk the pandemonium lord
 85922 | D:$      | Escaped with the Orb!

Illustrated notes

Levels and vault maps discovered:
D:1:      minmay_arrival_semitransparent, layout_basic, serial_bayou_pond_b,
          corexii_item_surrounded_by_moat
D:2:      layout_loops_corners, minmay_cut_off
D:3:      layout_loops_ring, gammafunk_ghost_nasty_kobolds
D:4:      layout_loops_ring
D:5:      layout_basic, mainiacjoe_overflow_alcove_2, grunt_qazlal_sundering,
          gammafunk_temple_overflow_statue, ebering_ghost_disaster_area,
          saegor_snake_ambush, uniq_blork_the_orc
D:6:      layout_basic, okawaru_trees_2
D:7:      layout_basic, minmay_temple_entry_waves, serial_shops, shop,
          enter_bailey_2, chequers_avenue
D:8:      layout_loops_ring, general_overflow_altar,
          due_lair_maze_entry_diamond, serial_shops, shop,
          nicolae_shop_competitors_out_of_business, shop, shop,
          kennysheep_pointless_box
D:9:      layout_irregular_city, orc_0_dummy, uniq_maurice
D:10:     layout_cross, serial_shops, shop, library_closet,
          nicolae_straight_to_the_point
D:11:     layout_loops_ring
D:12:     layout_loops_ring, portal_ice_cave_entry_pillars_2
D:13:     layout_basic, hellmonk_vaults_keyhole, uniq_lodul
D:14:     layout_stronghold, roderic_lattice_octagonal_star
D:15:     grunt_enter_depths_hoard, layout_basic, minmay_hedge_maze,
          serial_shops, nicolae_shop_trees, shop_fountains, nicolae_square_shop,
          shop, minivault_16
Temple:   nicolae_temple_superstar
Lair:1:   gammafunk_cloud_chamber, layout_cave_pods,
          hellmonk_ghost_happy_afterlife, pond, infiniplex_staircase_pool,
          serial_bayou_shore_b
Lair:2:   layout_long_grid, dummy_snake_entry, uniq_gastronok
Lair:3:   cheibrodos_lair_river_kwai, layout_cave_pods, swamp_mist
Lair:4:   layout_layer_cave, dpeg_slime_entry_enclosed, lemuel_fruit_tree
Lair:5:   cheibrodos_lair_end_hotspot, layout_regular_city,
          eino_house_with_fridge
Swamp:1:  layout_basic_swamp, evilmike_swamp_ruin_house_5
Swamp:2:  layout_falls_marsh, evilmike_swamp_ruin_house_1, swamp_pool4,
          uniq_jorgrun
Swamp:3:  nicolae_swamp_ascending_descending, layout_basic_swamp,
          nicolae_swamp_feature_on_the_river_bank
Swamp:4:  swamp_alternative, layout_basic_swamp, swamp_pool1
Snake:1:  layout_rooms, grunt_ministairs_11
Snake:2:  layout_misc_corridors, basic_altar, nicolae_snake_round_shape_thing
Snake:3:  layout_misc_corridors, nicolae_snake_slithery_corners, uniq_nikola
Snake:4:  minmay_snake_end_coiled, layout_cave_town
Slime:1:  layout_caves
Slime:2:  layout_caves, special_room [special_room_jelly]
Slime:3:  layout_caves, basic_altar
Slime:4:  nicolae_slime_pool, layout_caves
Slime:5:  slime_pit_nicolae_royal_road_to_ruin
Orc:1:    layout_diamond_mine, basic_altar, minmay_shop_mayhem
Orc:2:    st_orc_rangers, layout_caves
Elf:1:    nicolae_elf_arrival_no_cutting_in_line, layout_geoelf_diagonals,
          minmay_elf_demonology, nicolae_take_the_stairs
Elf:2:    elven_hall_of_blades_hangedman_original
          [nicolae_blade_entry_splitting_headache], layout_gridlike,
          serial_shops, shop, enter_trove_3, minmay_misc_feat_pillars,
          nicolae_specific_store
Elf:3:    elf_hall, layout_loops_corners, amcnicky_mini_pool_small
Vaults:1: gammafunk_ghost_wrathful_warriors, nicolae_vaults_c_with_doors,
          nicolae_vaults_tetromino_L_2, vaults_dpeg_hooks, grunt_vaults_funnel,
          nicolae_vaults_offset_grid_hallway_3,
          nicolae_vaults_trapezoid_lopsided_3, grunt_vaults_bifocal,
          layout_vaults_maze_snakey, serial_shops, bzr_in_the_mist
Vaults:2: nicolae_vaults_you_can_take_it_with_you, v_rooms_1,
          minmay_crypt_entry_vampire_xt, vaults_room_pool,
          nicolae_vaults_closet_pinwheel_3, vaults_mumra_hexcomb,
          nicolae_vaults_apartment_2, vaults_dpeg_diagonal,
          layout_vaults_omnigrid, serial_shops, nicolae_lakefront_shop,
          uniq_mennas
Vaults:3: grunt_vaults_twisty, nicolae_vaults_big_angled_halls, v_misc_2,
          nicolae_vaults_what_the_h, nicolae_vaults_tetromino_T_1,
          hangedman_vaults_nails, nicolae_vaults_spaceships, v_misc_5,
          v_misc_19, nicolae_vaults_diamond_2, layout_vaults_big_cross,
          serial_shops, shop
Vaults:4: hangedman_vaults_slither, nicolae_vaults_wrenched,
          nicolae_vaults_ellipses_ellipsis, nicolae_vaults_closet_pinwheel_3,
          nicolae_vaults_angled_halls, nicolae_vaults_shrinking_rooms_1,
          nicolae_vaults_security_offices_6, ontoclasm_vaults_bender,
          nicolae_vaults_closet_pinwheel_4, ontoclasm_vaults_ring_small,
          ontoclasm_vaults_loading_screen, ontoclasm_vaults_loading_screen,
          ontoclasm_vaults_decontamination, nicolae_vaults_diamond_1,
          layout_vaults_omnibox, uniq_zenata
Vaults:5
Depths:1: layout_long_grid, enter_ziggurat_c, grunt_metal_band,
          nicolae_abyss_entry_one_way_or_another, hex_tiny,
          roderic_serpentine_path, nicolae_blasting_shop, minivault_11,
          nicolae_shop_self_help, uniq_bai_suzhen
Depths:2: nooodl_heptagram, layout_cave_pools, rand_demon_pan_entry_5,
          serial_shops, shop, hangedman_geh_valley, serial_bayou,
          serial_bayou_ford_a, serial_bayou_pond_d,
          chequers_serial_rivers_marsh, uniq_aizul
Depths:3: minmay_the_grid_octo_tiled_octocenter [minmay_the_grid_octo_77,
          minmay_the_grid_octo_concentric, minmay_the_grid_octo_focus,
          minmay_the_grid_octo_vomiting_pacman,
          minmay_the_grid_octo_prize_square_snowflake,
          minmay_the_grid_square_5x5_eight, minmay_the_grid_square_5x5_seven,
          minmay_the_grid_square_5x5_bridge,
          minmay_the_grid_square_5x5_beaten_path], layout_cave_pools,
          abyss_entry, rand_demon_pan_entry_9, minmay_crystal_room,
          serial_shops, bzr_firewalk, pf_coc_iceberg, minmay_fire_ice_demons
Depths:4: grunt_twist_and_shout, layout_cave_shapes, hellmouth_1,
          amcnicky_mini_rare_corridor_liquid, uniq_vv
Zot:1:    layout_onion, ebering_ghost_inner_flame, grunt_megastairs_5
Zot:2:    layout_concentric_octagons, grunt_ministairs_1
Zot:3:    layout_basic
Zot:4:    gammafunk_its_a_trap, layout_gridlike
Zot:5:    layout_cathedral_of_symmetry

Skill      XL: |  1  2  3  4  5  6  7  8  9 10 11 12 13 14 15 16 17 18 19 20 21 22 23 24 25 26 27 |
---------------+----------------------------------------------------------------------------------+-----
Short Blades   | 1 2 3 |  3.0
Fighting       | 2 3 4 5 10 14 15 16 18 | 18.5
Stealth        | 2 15 | 15.0
Poison Magic   | 2 4 5 6 9 10 | 10.0
Air Magic      | 1 3 4 5 7 10 | 10.0
Spellcasting   | 2 3 4 5 7 8 9 10 11 12 13 14 15 16 17 18 20 | 20.5
Fire Magic     | 3 4 5 7 9 11 12 14 15 16 18 19 20 21 22 23 | 23.0
Transmutations | 3 4 5 6 8 9 10 | 10.0
Conjurations   | 5 7 9 11 12 14 15 16 18 19 20 21 22 23 | 23.0
Dodging        | 3 5 8 10 11 12 | 12.4
Shields        | 2 5 7 11 13 15 18 | 18.5
Throwing       | 1 2 6 12 27 | 27.0
Hexes          | 3 4 7 |  7.0
Necromancy     | 1 4 6 10 | 10.0
Evocations     | 12 | 12.5
Translocations | 7 |  7.0
Earth Magic    | 7 |  7.0

Action                     |  1- 3 |  4- 6 |  7- 9 | 10-12 | 13-15 | 16-18 | 19-21 | 22-24 | 25-27 || total
---------------------------+-------+-------+-------+-------+-------+-------+-------+-------+-------++-------
  Melee: Club              |     6 |       |       |       |       |       |       |       |       ||     6
         Constrict         |    13 |    10 |    10 |    12 |     2 |     2 |       |     1 |       ||    50
         Tentacles         |     7 |    10 |    15 |    15 |     5 |     2 |       |     1 |       ||    55
         Dagger            |    59 |    46 |    54 |    27 |       |       |       |       |       ||   186
         Punch             |     1 |     1 |     1 |       |     1 |       |       |       |       ||     4
         Short sword       |       |       |       |    33 |       |       |       |       |       ||    33
         Hand axe          |       |       |       |       |    11 |     6 |     1 |     3 |       ||    21
  Throw: Stone             |     9 |       |       |    11 |    10 |       |       |       |       ||    30
         Javelin           |    11 |     2 |    15 |     4 |       |       |       |       |       ||    32
         Dart              |       |       |       |       |     1 |       |       |       |       ||     1
   Cast: Poisonous Vapours |       |     2 |    59 |   143 |   166 |     7 |       |       |       ||   377
         Ignite Poison     |       |       |    30 |   112 |   145 |     6 |       |       |       ||   293
         Mephitic Cloud    |       |       |       |    11 |     2 |       |       |       |       ||    13
         Fireball          |       |       |       |    61 |   167 |   313 |   115 |     3 |     4 ||   663
         Dispel Undead     |       |       |       |       |     9 |       |     5 |       |       ||    14
         Irradiate         |       |       |       |       |     8 |    36 |    26 |    17 |    11 ||    98
         Orb of Destructio |       |       |       |       |    38 |     5 |    14 |       |       ||    57
         Plasma Beam       |       |       |       |       |       |   268 |   268 |    89 |    29 ||   654
         Ignition          |       |       |       |       |       |       |    19 |    20 |    35 ||    74
         Fire Storm        |       |       |       |       |       |       |    28 |   304 |   490 ||   822
         Sublimation of Bl |       |       |       |       |       |       |       |       |    32 ||    32
         Yara's Violent Un |       |       |       |       |       |       |       |       |     2 ||     2
         Apportation       |       |       |       |       |       |       |       |       |     1 ||     1
         Blink             |       |       |       |       |       |       |       |       |     1 ||     1
  Evoke: Wand              |     1 |     3 |     1 |    39 |       |     4 |       |    15 |     6 ||    69
         Tin of tremorston |       |       |       |       |     2 |     4 |       |       |       ||     6
    Use: Scroll            |       |     6 |    10 |    15 |     9 |     4 |     5 |     8 |    11 ||    68
         Potion            |       |       |       |     3 |       |     2 |       |     8 |    18 ||    31
   Stab: Sleeping          |     8 |     8 |     6 |     2 |       |       |       |       |       ||    24
         Paralysed         |       |     2 |     3 |       |       |       |       |       |       ||     5
         Confused          |       |       |       |     1 |       |       |       |       |       ||     1
         Distracted        |       |       |       |       |     2 |       |       |       |       ||     2
 Armour: Skin              |    28 |    11 |    17 |    48 |    50 |   108 |    59 |    57 |    38 ||   416
  Dodge: Dodged            |    33 |    15 |    16 |    36 |    22 |    66 |    35 |    56 |    40 ||   319
  Block: Other             |       |     2 |     8 |     1 |       |       |       |       |       ||    11
         Reflection        |       |     1 |       |     5 |       |       |       |       |       ||     6
         Buckler           |       |       |       |    30 |    18 |    31 |    19 |     3 |       ||   101
         Kite shield       |       |       |       |       |       |       |       |    37 |    33 ||    70

Table legend: (Time is in decaauts)
 A = Elapsed time spent in this place.
 B = Non-inter-level travel time spent in this place.
 C = Inter-level travel time spent in this place.
 D = Time resting spent in this place.
 E = Time spent auto-exploring this place.
 F = Levels seen in this place.
 G = Mean time per level.
                   A        B        C        D        E       F      G
               +--------+--------+--------+--------+--------+-----+--------+
         Total |  85953 |  76913 |   9040 |  19720 |  45768 |  89 |  965.8 |
       Dungeon |  26000 |  21976 |   4024 |   2528 |  16735 |  15 | 1733.3 |
        Temple |     30 |     17 |     13 |      0 |      0 |   1 |   30.0 |
          Lair |  11380 |   9709 |   1671 |   1757 |   6814 |   5 | 2276.0 |
         Swamp |   4093 |   3911 |    182 |   1563 |   1797 |   4 | 1023.2 |
     Snake Pit |   8129 |   7792 |    337 |   3296 |   3778 |   4 | 2032.2 |
    Slime Pits |   3503 |   3358 |    145 |   1423 |   1697 |   5 |  700.6 |
  Orcish Mines |   1728 |   1482 |    246 |    105 |   1150 |   2 |  864.0 |
   Elven Halls |   6204 |   5835 |    369 |   2173 |   3028 |   3 | 2068.0 |
        Vaults |   7985 |   7034 |    951 |   1659 |   4409 |   5 | 1597.0 |
        Depths |   6580 |   5679 |    901 |   1176 |   3606 |   4 | 1645.0 |
           Zot |   1914 |   1718 |    196 |    681 |    692 |   5 |  382.8 |
         Abyss |   1014 |   1014 |      0 |    199 |    199 |   4 |  253.5 |
      Ziggurat |   3699 |   3699 |      0 |    431 |   1466 |  27 |  137.0 |
        Bazaar |    169 |    169 |      0 |      0 |    109 |   2 |   84.5 |
         Trove |     47 |     47 |      0 |      0 |      0 |   1 |   47.0 |
        Bailey |   1302 |   1302 |      0 |    986 |    130 |   1 | 1302.0 |
      Ice Cave |   2168 |   2168 |      0 |   1741 |    157 |   1 | 2168.0 |
               +--------+--------+--------+--------+--------+-----+--------+

Top non-repeatable levels by time:
 Snake:4: 2910 daAuts
     D:8: 2910 daAuts
  Lair:5: 2735 daAuts
  Lair:1: 2605 daAuts
  Lair:3: 2514 daAuts
    D:11: 2444 daAuts
   Elf:1: 2310 daAuts
 Snake:1: 2265 daAuts
Vaults:1: 2211 daAuts
     D:6: 2196 daAuts
   IceCv: 2168 daAuts
Vaults:2: 2091 daAuts
Depths:2: 2065 daAuts
   Elf:3: 2055 daAuts
 Slime:5: 2039 daAuts
